 Dungeon Crawl Stone Soup version 0.29-a0-322-g68df515428 (webtiles) character file.

Game seed: 5633835032417691619

158 GigaChad the Slasher (level 5, -1/47 HPs)
             Began as a Draconian Chaos Knight on Apr 8, 2022.
             Was a Plaything of Xom.
             Slain by a phantom (2 damage)
             ... on level 4 of the Dungeon.
             The game lasted 00:09:47 (3502 turns).

GigaChad the Slasher (Draconian Chaos Knight)       Turns: 3502, Time: 00:09:50

Health: -1/47      AC:  6    Str: 14    XL:     5   Next: 16%
Magic:  5/5        EV: 12    Int: 13    God:    Xom [......]
Gold:   97         SH:  0    Dex: 12    Spells: 4/4 levels left

rFire   + . .      SeeInvis .   a - +0 falchion (chaos)
rCold   . . .      Faith    .   (no shield)
rNeg    . . .      Spirit   .   (body armour unavailable)
rPois   .          Reflect  .   (helmet restricted)
rElec   .          Harm     .   (no cloak)
rCorr   +          Rampage  .   (no gloves)
Will    .....                   t - +0 pair of boots
Stlth   ++........              (no amulet)
HPRegen 0.15/turn               j - ring of protection from fire
MPRegen 0.09/turn               m - ring of resist corrosion

@: no status effects
A: AC +5, unfitting armour, cold-blooded
a: Renounce Religion


You were on level 4 of the Dungeon.
You worshipped Xom.
You were a very special plaything of Xom.
You visited 1 branch of the dungeon, and saw 4 of its levels.

You collected 97 gold pieces.

Inventory:

Hand Weapons
 a - a +0 falchion of chaos (weapon)
Armour
 o - a +0 plate armour
 t - a +0 pair of boots (worn)
Magical Staves
 k - a staff of poison
Jewellery
 j - a ring of protection from fire (left hand)
 m - a ring of resist corrosion (right hand)
Scrolls
 c - 3 scrolls of identify
 d - a scroll of summoning
 f - a scroll of magic mapping {unknown}
 i - a scroll of silence {unknown}
 l - a scroll of immolation {unknown}
 p - a scroll of amnesia {unknown}
 q - a scroll of vulnerability {unknown}
 s - a scroll of teleportation {unknown}
 v - a scroll of enchant weapon {unknown}
Potions
 e - a potion of berserk rage
 g - a potion of flight {unknown}
 h - a potion of attraction {unknown}
 n - a potion of cancellation {unknown}
 r - a potion of brilliance {unknown}
 u - a potion of heal wounds {unknown}
Miscellaneous
 b - a piece from Xom's chessboard (15/15) (quivered)


   Skills:
 + Level 4.4 Fighting
 + Level 4.4 Long Blades
 + Level 3.0 Dodging
 + Level 1.1 Stealth


You had 4 spell levels left.
You didn't know any spells.
Your spell library was empty.

Dungeon Overview and Level Annotations

Branches:
Dungeon (4/15)
 Temple: D:4-7

Altars:

Shops:
D:3 :?==:


Innate Abilities, Weirdness & Mutations

Your plain brown scales are hard. (AC +5)
You cannot fit into any form of body armour.
You are cold-blooded and may be slowed by cold attacks.


Message History

You completely miss the phantom.
The phantom is heavily damaged.
The phantom hits you.
* * * LOW HITPOINT WARNING * * *
The phantom blinks!
You blink.
Found 23 stones.
Found a stone staircase leading up.
The phantom hits you but does no damage.
The phantom hits you but does no damage.
The phantom misses you.
The phantom hits you but does no damage.
The phantom barely misses you.
You closely miss the phantom. You tail-slap the phantom.
The phantom is lightly damaged.
The phantom barely misses you.
The phantom hits you but does no damage.
You closely miss the phantom.
The phantom is lightly damaged.
The phantom hits you.
* * * LOW HITPOINT WARNING * * *
The phantom barely misses you.
You barely miss the phantom.
You tail-slap the phantom, but do no damage.
The phantom is lightly damaged.
The phantom hits you but does no damage.
The phantom hits you.
* * * LOW HITPOINT WARNING * * *
You miss the phantom.
The phantom is lightly damaged.
The phantom closely misses you. The phantom hits you.
* * * LOW HITPOINT WARNING * * *
The phantom blinks!
You blink.
Found a scroll labelled PIKKOO RODIEXT.
The phantom attacks as you move away! The phantom closely misses you.
You barely miss the phantom.
The phantom is lightly damaged.
Xom grants you insight.
You detect items!
You are now a very special plaything of Xom.
The phantom hits you.
You die...
Xom titters!

..?.........
........#..##
...........
..(.... . โˆ†
#....#.#
#.###...#.#
#.........#
##.W@##
#.....#
###..W#####.
โˆ†
#..<........
#.#..g#.####
#.##.##.####
# #.ยง.....#
####.##.# #.#
โˆ†#


You could see 2 phantoms and a hobgoblin.

Vanquished Creatures
  A bullfrog (D:4)
  3 adders
  A worm (D:2)
  4 dart slugs
  An orc (D:4)
  2 endoplasms (D:2)
  5 giant cockroaches
  6 goblins
  5 hobgoblins
  6 jackals
  2 quokkas
  4 ball pythons
  6 bats
  2 frilled lizards (D:1)
  2 kobolds
  6 rats
56 creatures vanquished.

Notes
Turn   | Place    | Note
-------+----------+-------------------------------------------
     0 | D:1      | GigaChad the Draconian Chaos Knight began the quest for the
                  | Orb.
     0 | D:1      | Reached XP level 1. HP: 19/19 MP: 1/1
   220 | D:1      | XOM: silly message
   355 | D:1      | Reached XP level 2. HP: 26/26 MP: 2/2
   571 | D:1      | XOM: silly message
   714 | D:1      | XOM: silly message
   718 | D:1      | XOM: noise
   766 | D:1      | Reached XP level 3. HP: 27/33 MP: 3/3
  1877 | D:2      | XOM: divination: detect creatures
  2436 | D:2      | Reached XP level 4. HP: 40/40 MP: 4/4
  2501 | D:2      | XOM: noise
  2813 | D:3      | Found Ajoal's Magic Scroll Shop.
  2825 | D:3      | Found Teipeukh's Book Emporium.
  2946 | D:3      | Found Vydeasse's Jewellery Shoppe.
  3112 | D:3      | Found Heqenot's Book Shop.
  3312 | D:3      | Found Ephemoko's Jewellery Shoppe.
  3367 | D:3      | XOM: draining
  3471 | D:4      | Noticed a bullfrog
  3472 | D:4      | Noticed a phantom
  3475 | D:4      | XOM: blink monster(s)
  3479 | D:4      | Killed a bullfrog
  3480 | D:4      | Reached skill level 1 in Stealth
  3480 | D:4      | Reached XP level 5. HP: 22/47 MP: 5/5
  3481 | D:4      | Noticed a phantom
  3499 | D:4      | HP: 1/47 [phantom (2)]
  3502 | D:4      | XOM: divination: detect items
  3502 | D:4      | Slain by a phantom

Illustrated notes

Levels and vault maps discovered:
D:1:      wheals_arrival_shading, layout_basic
D:2:      layout_basic, minmay_misc_feat_secret_circle, kennysheep_potato
D:3:      layout_loops_ring, serial_shops, shop_fountains, nicolae_shop_stone,
          nicolae_shop_hallway_stairs, nicolae_shop_hallway_stairs,
          nicolae_shop_waterfront, nicolae_elevator_lobby_plus
D:4:      layout_loops_ring, dk_yredelemnul_ordeal

Skill      XL: |  1  2  3  4 |
---------------+-------------+-----
Fighting       | 4 |  4.4
Long Blades    | 4 |  4.4
Dodging        | 3 |  3.0
Stealth        | 1 |  1.1

Action                   |  1- 3 |  4- 6 || total
-------------------------+-------+-------++-------
Melee: Falchion          |   133 |    53 ||   186
       Tailslap          |    14 |     8 ||    22
       Punch             |       |     1 ||     1
  Use: Scroll            |     2 |       ||     2
Armor: Skin              |    71 |    30 ||   101
Dodge: Dodged            |   119 |    71 ||   190

Table legend: (Time is in decaauts)
 A = Elapsed time spent in this place.
 B = Non-inter-level travel time spent in this place.
 C = Inter-level travel time spent in this place.
 D = Time resting spent in this place.
 E = Time spent auto-exploring this place.
 F = Levels seen in this place.
 G = Mean time per level.
                   A        B        C        D        E       F      G
               +--------+--------+--------+--------+--------+-----+--------+
         Total |   3522 |   3514 |      8 |    365 |   1218 |   4 |  880.5 |
       Dungeon |   3522 |   3514 |      8 |    365 |   1218 |   4 |  880.5 |
               +--------+--------+--------+--------+--------+-----+--------+

Top non-repeatable levels by time:
     D:1: 1607 daAuts
     D:2: 1156 daAuts
     D:3: 699 daAuts
     D:4: 58 daAuts
